 Dungeon Crawl Stone Soup version 0.31-a0-152-g6aa68a64a1 (webtiles) character file.

Game seed: 16476822462681848201

3129 qw the Skirmisher (level 9, -3/85 HPs)
             Began as a Naga Hunter on June 9, 2023.
             Was a Believer of Okawaru.
             Slain by a yak (7 damage)
             ... on level 8 of the Dungeon.
             The game lasted 00:02:29 (4720 turns).

qw the Skirmisher (Naga Hunter)                     Turns: 4720, Time: 00:02:30

Health: -3/85      AC: 21    Str: 14    XL:     9   Next: 92%
Magic:  11/12      EV: 15    Int:  8    God:    Okawaru [**....]
Gold:   372        SH:  0    Dex: 26    Spells: 8/8 levels left

rFire   . . .        Y - +2 shortbow
rCold   + . .        (shield currently unavailable)
rNeg    + + .        c - +0 leather armour
rPois   +            (no helmet)
rElec   +            i - +2 ratskin cloak {*Rats rPois rN+ Str-1 Int-1 Dex+1}
rCorr   .            f - +0 pair of gloves {Dex+3}
SInv    +            j - +6 lightning scales {swift, rElec}
Will    ++...        a - amulet of Gurenn {rC+ Will+ Regen+ Dex+4}
Stlth   ++++         l - ring of positive energy
HPRegen 1.14/turn    (no ring)
MPRegen 0.13/turn

%: no passive effects
@: lethally poisoned (-3 -> -3), short of breath, heroic, slow
A: AC +3, large, see invisible, deformed body, poison resistance, slowness 2,
spit poison 1, naga tail 1
a: Spit Poison, Renounce Religion, Heroism


You were on level 8 of the Dungeon.
You worshipped Okawaru.
Okawaru was pleased with you.
You visited 2 branches of the dungeon, and saw 9 of its levels.

You collected 372 gold pieces.


Innate Abilities, Weirdness & Mutations

Your serpentine skin is tough. (AC +3)
You have supernaturally acute eyesight. (SInv)
Armour fits poorly on your strangely shaped body.
Your system is resistant to poisons. (rPois)
You cover ground very slowly.
You can spit poison.
You have a snake-like lower body.


   Skills:
 + Level 6.5(11.5) Fighting
 - Level 10.0(15.0) Ranged Weapons
 - Level 2.0(7.0) Armour
 - Level 4.0(9.0) Dodging
 - Level 1.5(6.5) Stealth
 - Level 4.0 Invocations


You had 8 spell levels left.
You didn't know any spells.
Your spell library was empty.

Inventory:

Hand Weapons
 Y - a +2 shortbow (weapon)
Armour
 c - a +0 leather armour (worn)
 f - a +0 pair of gloves of dexterity (worn)
 i - the +2 ratskin cloak (worn) {*Rats rPois rN+ Str-1 Int-1 Dex+1}
   (You found it on level 5 of the Dungeon)

   *Rats:     When the wearer is hurt, rats may emerge from it to assist them.
   Str:       It affects your strength (-1).
   Int:       It affects your intelligence (-1).
   Dex:       It affects your dexterity (+1).
   rPois:     It protects you from poison.
   rN:        It protects you from negative energy.
 j - the +6 lightning scales (worn) {swift, rElec}
   (You acquired it on level 5 of the Dungeon)

   Swift:     It allows the wearer to cover ground more swiftly.
   rElec:     It insulates you from electricity.
Jewellery
 a - the amulet of Gurenn (around neck) {rC+ Will+ Regen+ Dex+4}
   (You acquired it on level 1 of the Dungeon)

   [amulet of regeneration]

   Dex:       It affects your dexterity (+4).
   rC:        It protects you from cold.
   Regen:     It increases your rate of health regeneration.
   Will:      It increases your willpower.
 l - a ring of positive energy (left hand)
Scrolls
 e - 2 scrolls of identify
Potions
 b - a potion of mutation
 d - a potion of haste
 g - 3 potions of curing

Dungeon Overview and Level Annotations

Branches:
Dungeon (8/15)             Temple (1/1) D:4
   Lair: D:8-11

Altars:
Ashenzari
Cheibriados
Dithmenos
Elyvilon
Fedhas
Gozag
Hepliaklqana
Kikubaaqudgha
Makhleb
Nemelex Xobeh
Okawaru
Qazlal
Ru
Sif Muna
Trog
Uskayaw
Vehumet
Wu Jian
Xom
Yredelemnul
Zin
The Shining One

Shops:
D:1 (

Annotations:
D:6 3 runed translucent doors, qw's ghost, novice MiHu


Message History

The water moccasin bites you.
You are poisoned.
The water moccasin poisons you! The yak misses you. The yak closely misses you.
4713 ||| DRINKING potion of heal wounds.
You feel much better.
You feel very sick. The water moccasin barely misses you.
The yak barely misses you. The yak gores you.
The water moccasin bites you but does no damage.
You shoot an arrow. The arrow hits the water moccasin!
You kill the water moccasin!
Okawaru accepts your kill.
You have got your breath back.
You feel very sick. The yak gores you! x2
Your base Ranged Weapons skill increases to level 10!
4715 ||| INVOKING Spit Poison.
Aiming: Spit Poison (1% risk of failure)
Press: ? - help, Shift-Dir - straight line, f - yak The splash of poison misses the yak.
You feel very sick.
The yak looks more healthy.
The yak gores you. The yak gores you but does no damage.
You shoot an arrow. The arrow hits the yak!
The yak is severely wounded.
You feel sick. The yak gores you. x2
You shoot an arrow. The arrow barely misses the yak.
You feel sick.
You shoot an arrow. The arrow barely misses the yak.
You have got your breath back.
You feel sick. The yak barely misses you. The yak misses you.
4719 ||| INVOKING Spit Poison.
Aiming: Spit Poison (1% risk of failure)
Press: ? - help, Shift-Dir - straight line, f/p - yak The splash of poison hits the yak.
The yak is severely wounded.
You feel sick. The yak gores you but does no damage. The yak barely misses you.
You shoot an arrow. The arrow barely misses the yak.
You feel sick. The yak gores you!
You die...

#.............#
#.............#
#.............#
#.............#
#......<......#####+##
#########+##.........#
.......#.........#
......Y#.........#
......Y@.........#
.....%%#.........#
.......#.........#
.......#.........#
.......#.........#
.##....#.........
#....#........
.....#....../.


You could see 2 yaks.

Vanquished Creatures
  A hornet (D:7)
  4 yaks (D:8)
  2 water moccasins
  2 ice beasts (D:7)
  3 ogres
  2 black bears
  2 phantoms
  A bullfrog (D:7)
  A scorpion (D:7)
  4 wights (D:7)
  3 killer bees (D:7)
  3 howler monkeys
  4 hounds
  A jelly (D:6)
  A gnoll bouda (D:7)
  5 iguanas
  4 orc priests (D:7)
  4 orc wizards
  9 gnolls
  6 adders
  3 white imps
  2 ufetubi
  2 worms
  2 dart slugs (D:5)
  16 orcs
  6 ball pythons
  9 endoplasms
  5 giant cockroaches
  6 goblins
  12 hobgoblins
  7 jackals
  12 kobolds
  4 quokkas
  4 bats
  4 frilled lizards
  5 rats
161 creatures vanquished.

Notes
Turn   | Place    | Note
-------+----------+-------------------------------------------
     0 | D:1      | qw the Naga Hunter began the quest for the Orb.
     0 | D:1      | Reached XP level 1. HP: 19/19 MP: 1/1
     0 | D:1      | 0 ||| qw: Version: 0.2-a-122-gbc61b45
     0 | D:1      | 0 ||| qw: Game counter: 3414
     0 | D:1      | 0 ||| qw: Always use a shield: true
     0 | D:1      | 0 ||| qw: God list: Okawaru
     0 | D:1      | 0 ||| qw: Allow faded altars: false
     0 | D:1      | 0 ||| qw: Do Orc after D:15 true
     0 | D:1      | 0 ||| qw: Do second Lair branch before Depths: true
     0 | D:1      | 0 ||| qw: Lair rune preference: random
     0 | D:1      | 0 ||| qw: Plans: Normal
     0 | D:1      | 0 ||| PLANNING D:1-11
    24 | D:1      | 24 ||| INVOKING Spit Poison.
   145 | D:1      | 145 ||| INVOKING Spit Poison.
   192 | D:1      | 192 ||| INVOKING Spit Poison.
   211 | D:1      | 211 ||| INVOKING Spit Poison.
   220 | D:1      | 220 ||| INVOKING Spit Poison.
   221 | D:1      | Reached skill level 4 in Ranged Weapons
   221 | D:1      | Reached XP level 2. HP: 26/26 MP: 2/2
   237 | D:1      | 237 ||| INVOKING Spit Poison.
   242 | D:1      | 242 ||| INVOKING Spit Poison.
   246 | D:1      | 246 ||| INVOKING Spit Poison.
   249 | D:1      | 249 ||| INVOKING Spit Poison.
   306 | D:1      | 306 ||| INVOKING Spit Poison.
   363 | D:1      | 363 ||| INVOKING Spit Poison.
   364 | D:1      | 364 ||| INVOKING Spit Poison.
   370 | D:1      | 370 ||| INVOKING Spit Poison.
   385 | D:1      | 385 ||| INVOKING Spit Poison.
   394 | D:1      | 394 ||| INVOKING Spit Poison.
   398 | D:1      | 398 ||| INVOKING Spit Poison.
   400 | D:1      | Found Yqizupuwn's Antique Weapon Boutique.
   403 | D:1      | 403 ||| INVOKING Spit Poison.
   407 | D:1      | 407 ||| INVOKING Spit Poison.
   417 | D:1      | Reached XP level 3. HP: 32/32 MP: 3/3
   418 | D:1      | 418 ||| INVOKING Spit Poison.
   443 | D:1      | 443 ||| SHOPLISTING brightly glowing orcbow (212 gold, have
                  | 86).
   448 | D:1      | 448 ||| INVOKING Spit Poison.
   537 | D:1      | 537 ||| INVOKING Spit Poison.
   624 | D:1      | 624 ||| INVOKING Spit Poison.
   661 | D:1      | 661 ||| INVOKING Spit Poison.
   668 | D:1      | 668 ||| READING scroll labelled HUQEMO HOVEG.
   668 | D:1      | Identified a scroll of acquirement
   668 | D:1      | 668 ||| ACQUIRING amulet of Gurenn {rC+ Will+ Regen+ Dex+4}
   668 | D:1      | Acquired the amulet of Gurenn {rC+ Will+ Regen+ Dex+4}
   670 | D:1      | 670 ||| UPGRADING to amulet of Gurenn {rC+ Will+ Regen+
                  | Dex+4}.
   675 | D:1      | 675 ||| READING scroll labelled NALOJO NOELI.
   676 | D:1      | 676 ||| DROPPING scroll of butterflies.
   715 | D:2      | 715 ||| INVOKING Spit Poison.
   769 | D:2      | 769 ||| INVOKING Spit Poison.
   781 | D:2      | 781 ||| INVOKING Spit Poison.
   809 | D:2      | 809 ||| INVOKING Spit Poison.
   810 | D:2      | Reached skill level 5 in Ranged Weapons
   810 | D:2      | Reached XP level 4. HP: 39/39 MP: 4/4
   817 | D:2      | 817 ||| INVOKING Spit Poison.
   820 | D:2      | 820 ||| INVOKING Spit Poison.
   823 | D:2      | 823 ||| INVOKING Spit Poison.
   826 | D:2      | 826 ||| INVOKING Spit Poison.
   858 | D:2      | 858 ||| INVOKING Spit Poison.
   913 | D:2      | 913 ||| INVOKING Spit Poison.
   983 | D:2      | 983 ||| INVOKING Spit Poison.
   994 | D:2      | 994 ||| INVOKING Spit Poison.
  1075 | D:2      | 1075 ||| DROPPING amulet of magic regeneration.
  1076 | D:2      | 1076 ||| READING scroll labelled HAFOCE HUGEVVA.
  1077 | D:2      | 1077 ||| READING 2 scrolls labelled ULOMAETIYG.
  1078 | D:2      | 1078 ||| READING scroll labelled GALORE TA IREB.
  1079 | D:2      | 1079 ||| READING scroll labelled CILALL YMUCKEO.
  1080 | D:2      | 1080 ||| READING scroll labelled ULOENN VESEWAG.
  1081 | D:2      | 1081 ||| DRINKING 3 murky red potions.
  1162 | D:3      | 1162 ||| INVOKING Spit Poison.
  1168 | D:3      | 1168 ||| INVOKING Spit Poison.
  1171 | D:3      | 1171 ||| INVOKING Spit Poison.
  1180 | D:3      | Found a stormy altar of Qazlal.
  1184 | D:3      | 1184 ||| INVOKING Spit Poison.
  1188 | D:3      | 1188 ||| INVOKING Spit Poison.
  1197 | D:3      | 1197 ||| INVOKING Spit Poison.
  1221 | D:3      | 1221 ||| INVOKING Spit Poison.
  1233 | D:3      | Found a faded altar of an unknown god.
  1233 | D:3      | Noticed a balrug
  1255 | D:3      | 1255 ||| INVOKING Spit Poison.
  1257 | D:3      | Reached skill level 3 in Fighting
  1266 | D:3      | 1266 ||| INVOKING Spit Poison.
  1281 | D:3      | 1281 ||| INVOKING Spit Poison.
  1321 | D:3      | 1321 ||| INVOKING Spit Poison.
  1402 | D:3      | 1402 ||| INVOKING Spit Poison.
  1426 | D:3      | 1426 ||| INVOKING Spit Poison.
  1429 | D:3      | Reached XP level 5. HP: 49/49 MP: 5/5
  1443 | D:3      | Found a glowing golden altar of the Shining One.
  1564 | D:3      | 1564 ||| READING 2 scrolls labelled SUMU POVENNIUG.
  1565 | D:3      | 1565 ||| READING scroll labelled QYKLIZ IWEMMIU.
  1566 | D:3      | 1566 ||| DROPPING scroll of noise.
  1594 | D:4      | 1594 ||| INVOKING Spit Poison.
  1644 | D:4      | 1644 ||| INVOKING Spit Poison.
  1665 | D:4      | 1665 ||| INVOKING Spit Poison.
  1671 | D:4      | 1671 ||| INVOKING Spit Poison.
  1677 | D:4      | 1677 ||| INVOKING Spit Poison.
  1683 | D:4      | 1683 ||| INVOKING Spit Poison.
  1686 | D:4      | 1686 ||| INVOKING Spit Poison.
  1730 | D:4      | Noticed a phantom
  1748 | D:4      | Killed a phantom
  1767 | D:4      | 1767 ||| INVOKING Spit Poison.
  1769 | D:4      | 1769 ||| Stepping ~*~*~tactically~*~*~ (outnumbered).
  1770 | D:4      | 1770 ||| INVOKING Spit Poison.
  1773 | D:4      | 1773 ||| INVOKING Spit Poison.
  1776 | D:4      | Reached skill level 6 in Ranged Weapons
  1777 | D:4      | 1777 ||| INVOKING Spit Poison.
  1782 | D:4      | Reached XP level 6. HP: 33/56 MP: 6/6
  1784 | D:4      | 1784 ||| INVOKING Spit Poison.
  1897 | D:4      | 1897 ||| INVOKING Spit Poison.
  1901 | D:4      | 1901 ||| INVOKING Spit Poison.
  1959 | D:4      | 1959 ||| INVOKING Spit Poison.
  1968 | D:4      | 1968 ||| INVOKING Spit Poison.
  2004 | D:4      | 2004 ||| INVOKING Spit Poison.
  2128 | D:4      | 2128 ||| READING scroll of enchant weapon.
  2128 | D:4      | 2128 ||| ENCHANTING +1 shortbow.
  2144 | D:4      | 2144 ||| INVOKING Spit Poison.
  2145 | D:4      | 2145 ||| INVOKING Spit Poison.
  2148 | D:4      | 2148 ||| INVOKING Spit Poison.
  2240 | D:4      | Found a staircase to the Ecumenical Temple.
  2241 | D:4      | 2241 ||| PLANNING TEMPLE
  2241 | D:4      | 2241 ||| READING scroll labelled MAODUE SONKOU.
  2342 | D:4      | 2342 ||| READING scroll labelled AMERPH IMNOARPH.
  2367 | D:4      | 2367 ||| READING scroll labelled ZYLLOU HEZU.
  2371 | D:4      | 2371 ||| DRINKING 3 silvery potions.
  2372 | D:4      | 2372 ||| DRINKING 2 murky dark potions.
  2373 | D:4      | 2373 ||| DRINKING 2 potions of curing.
  2373 | D:4      | 2373 ||| (to cure confusion)
  2374 | D:4      | 2374 ||| DROPPING 2 potions of brilliance.
  2375 | D:4      | 2375 ||| DROPPING potion of ambrosia.
  2416 | Temple   | Entered the Ecumenical Temple
  2427 | Temple   | 2427 ||| PLANNING D:1-11
  2506 | D:5      | Entered Level 5 of the Dungeon
  2523 | D:5      | 2523 ||| READING scroll of acquirement.
  2523 | D:5      | 2523 ||| ACQUIRING +0 pair of gloves of dexterity
  2523 | D:5      | Acquired a +0 pair of gloves of dexterity
  2525 | D:5      | 2525 ||| UPGRADING to +0 pair of gloves of dexterity.
  2538 | D:5      | Found the +2 ratskin cloak {*Rats rPois rN+ Str-1 Int-1
                  | Dex+1}
  2539 | D:5      | Noticed a black bear
  2540 | D:5      | 2540 ||| INVOKING Spit Poison.
  2546 | D:5      | Killed a black bear
  2547 | D:5      | 2547 ||| INVOKING Spit Poison.
  2553 | D:5      | 2553 ||| INVOKING Spit Poison.
  2565 | D:5      | 2565 ||| UPGRADING to +2 ratskin cloak {*Rats rPois rN+
                  | Str-1 Int-1 Dex+1}.
  2586 | D:5      | 2586 ||| INVOKING Spit Poison.
  2588 | D:5      | Reached XP level 7. HP: 64/64 MP: 7/7
  2592 | D:5      | 2592 ||| READING scroll of acquirement.
  2592 | D:5      | 2592 ||| ACQUIRING +6 lightning scales {swift, rElec}
  2592 | D:5      | Acquired the +6 lightning scales {swift, rElec}
  2592 | D:5      | Found the +6 lightning scales {swift, rElec}
  2594 | D:5      | 2594 ||| UPGRADING to +6 lightning scales {swift, rElec}.
  2604 | D:5      | 2604 ||| INVOKING Spit Poison.
  2608 | D:5      | 2608 ||| INVOKING Spit Poison.
  2609 | D:5      | Reached skill level 1 in Armour
  2668 | D:5      | 2668 ||| INVOKING Spit Poison.
  2755 | D:5      | 2755 ||| INVOKING Spit Poison.
  2758 | D:5      | Reached skill level 7 in Ranged Weapons
  2762 | D:5      | 2762 ||| INVOKING Spit Poison.
  2813 | D:5      | Found a burning altar of Makhleb.
  2831 | D:5      | Found a broken altar of Ashenzari.
  2832 | D:5      | 2832 ||| DROPPING +1 pair of gloves.
  2838 | D:5      | Found an iron altar of Okawaru.
  2839 | D:5      | 2839 ||| PLANNING OKAWARU WORSHIP
  2839 | D:5      | 2839 ||| UPGRADING to ring of positive energy.
  2840 | D:5      | 2840 ||| READING 2 scrolls labelled LISYRO KYID.
  2841 | D:5      | 2841 ||| DROPPING scroll of immolation.
  2844 | D:5      | Found a hide-covered altar of Uskayaw.
  2846 | D:5      | Became a worshipper of Warmaster Okawaru
  2846 | D:5      | 2846 ||| PLANNING D:1-11
  2849 | D:5      | Found a radiant altar of Vehumet.
  2852 | D:5      | Found a shimmering altar of Xom.
  2854 | D:5      | 2854 ||| INVOKING Spit Poison.
  2855 | D:5      | 2855 ||| INVOKING Spit Poison.
  2879 | D:5      | Found a shadowy altar of Dithmenos.
  3252 | D:5      | 3252 ||| DRINKING 2 amethyst potions.
  3253 | D:5      | 3253 ||| DROPPING potion of attraction.
  3267 | D:6      | 3267 ||| INVOKING Spit Poison.
  3274 | D:6      | 3274 ||| INVOKING Spit Poison.
  3279 | D:6      | 3279 ||| INVOKING Spit Poison.
  3326 | D:6      | 3326 ||| INVOKING Spit Poison.
  3327 | D:6      | Reached skill level 3 in Dodging
  3333 | D:6      | 3333 ||| INVOKING Spit Poison.
  3338 | D:6      | 3338 ||| INVOKING Spit Poison.
  3346 | D:6      | Found a runed translucent gate.
  3346 | D:6      | Found a runed translucent gate.
  3346 | D:6      | Found a runed translucent gate.
  3348 | D:6      | Noticed qw's ghost (novice MiHu)
  3393 | D:6      | Found a shimmering blue altar of Sif Muna.
  3419 | D:6      | 3419 ||| INVOKING Spit Poison.
  3423 | D:6      | 3423 ||| INVOKING Spit Poison.
  3426 | D:6      | 3426 ||| INVOKING Spit Poison.
  3428 | D:6      | Reached XP level 8. HP: 68/72 MP: 8/8
  3573 | D:6      | 3573 ||| INVOKING Spit Poison.
  3592 | D:6      | 3592 ||| INVOKING Spit Poison.
  3845 | D:6      | 3845 ||| INVOKING Spit Poison.
  3876 | D:6      | 3876 ||| INVOKING Spit Poison.
  3881 | D:6      | Reached skill level 8 in Ranged Weapons
  3940 | D:6      | 3940 ||| READING scroll labelled ECUDADGHIXKI.
  3941 | D:6      | 3941 ||| READING 2 scrolls of identify.
  3941 | D:6      | 3941 ||| IDENTIFYING black potion
  3942 | D:6      | 3942 ||| DROPPING potion of degeneration.
  3978 | D:7      | Reached * piety under Okawaru
  3993 | D:7      | Found a white marble altar of Elyvilon.
  4003 | D:7      | Reached skill level 1 in Invocations
  4033 | D:7      | 4033 ||| INVOKING Spit Poison.
  4035 | D:7      | 4035 ||| INVOKING Heroism.
  4038 | D:7      | 4038 ||| INVOKING Spit Poison.
  4047 | D:7      | 4047 ||| INVOKING Spit Poison.
  4051 | D:7      | 4051 ||| INVOKING Spit Poison.
  4054 | D:7      | 4054 ||| INVOKING Heroism.
  4060 | D:7      | 4060 ||| INVOKING Spit Poison.
  4107 | D:7      | 4107 ||| INVOKING Heroism.
  4110 | D:7      | 4110 ||| Stepping ~*~*~tactically~*~*~ (outnumbered).
  4114 | D:7      | 4114 ||| INVOKING Spit Poison.
  4120 | D:7      | 4120 ||| INVOKING Spit Poison.
  4156 | D:7      | 4156 ||| INVOKING Spit Poison.
  4162 | D:7      | 4162 ||| INVOKING Spit Poison.
  4167 | D:7      | 4167 ||| INVOKING Spit Poison.
  4170 | D:7      | Reached skill level 3 in Invocations
  4271 | D:7      | 4271 ||| INVOKING Spit Poison.
  4272 | D:7      | 4272 ||| Stepping ~*~*~tactically~*~*~ (outnumbered).
  4274 | D:7      | 4274 ||| Stepping ~*~*~tactically~*~*~ (outnumbered).
  4275 | D:7      | 4275 ||| INVOKING Spit Poison.
  4279 | D:7      | 4279 ||| Stepping ~*~*~tactically~*~*~ (outnumbered).
  4281 | D:7      | 4281 ||| INVOKING Spit Poison.
  4285 | D:7      | 4285 ||| INVOKING Spit Poison.
  4289 | D:7      | 4289 ||| INVOKING Spit Poison.
  4295 | D:7      | 4295 ||| INVOKING Spit Poison.
  4340 | D:7      | Reached XP level 9. HP: 81/81 MP: 11/11
  4424 | D:7      | 4424 ||| INVOKING Heroism.
  4425 | D:7      | 4425 ||| INVOKING Spit Poison.
  4429 | D:7      | Reached skill level 9 in Ranged Weapons
  4432 | D:7      | 4432 ||| INVOKING Spit Poison.
  4436 | D:7      | 4436 ||| INVOKING Spit Poison.
  4441 | D:7      | 4441 ||| INVOKING Spit Poison.
  4455 | D:7      | 4455 ||| INVOKING Spit Poison.
  4460 | D:7      | 4460 ||| INVOKING Spit Poison.
  4460 | D:7      | Noticed a hornet
  4466 | D:7      | 4466 ||| INVOKING Spit Poison.
  4467 | D:7      | 4467 ||| INVOKING Heroism.
  4471 | D:7      | 4471 ||| INVOKING Spit Poison.
  4475 | D:7      | 4475 ||| INVOKING Spit Poison.
  4479 | D:7      | 4479 ||| INVOKING Spit Poison.
  4483 | D:7      | 4483 ||| INVOKING Spit Poison.
  4483 | D:7      | Killed a hornet
  4484 | D:7      | Reached skill level 6 in Fighting
  4489 | D:7      | 4489 ||| INVOKING Spit Poison.
  4622 | D:7      | 4622 ||| DRINKING 5 blue potions.
  4638 | D:7      | 4638 ||| READING 6 scrolls of identify.
  4638 | D:7      | 4638 ||| IDENTIFYING smoky yellow potion
  4639 | D:7      | 4639 ||| READING 5 scrolls of identify.
  4639 | D:7      | 4639 ||| IDENTIFYING lumpy cyan potion
  4640 | D:7      | 4640 ||| READING 4 scrolls of identify.
  4640 | D:7      | 4640 ||| IDENTIFYING orange potion
  4641 | D:7      | 4641 ||| READING 3 scrolls of identify.
  4641 | D:7      | 4641 ||| IDENTIFYING emerald potion
  4642 | D:7      | 4642 ||| DROPPING potion of enlightenment.
  4643 | D:7      | 4643 ||| DROPPING 4 potions of lignification.
  4666 | D:8      | 4666 ||| INVOKING Spit Poison.
  4669 | D:8      | Reached ** piety under Okawaru
  4673 | D:8      | 4673 ||| INVOKING Spit Poison.
  4678 | D:8      | 4678 ||| INVOKING Spit Poison.
  4682 | D:8      | 4682 ||| INVOKING Heroism.
  4683 | D:8      | 4683 ||| INVOKING Spit Poison.
  4690 | D:8      | 4690 ||| INVOKING Spit Poison.
  4700 | D:8      | 4700 ||| INVOKING Spit Poison.
  4706 | D:8      | 4706 ||| INVOKING Spit Poison.
  4710 | D:8      | 4710 ||| INVOKING Heroism.
  4712 | D:8      | HP: 21/85 [water moccasin (4)]
  4713 | D:8      | 4713 ||| DRINKING potion of heal wounds.
  4715 | D:8      | Reached skill level 10 in Ranged Weapons
  4715 | D:8      | 4715 ||| INVOKING Spit Poison.
  4716 | D:8      | HP: 7/85 [yak (4)]
  4719 | D:8      | 4719 ||| INVOKING Spit Poison.
  4720 | D:8      | Slain by a yak

Levels and vault maps discovered:
D:1:      shiori_arrival_elements, layout_basic, serial_shops, shop,
          minmay_stone_trees_small
D:2:      layout_rooms
D:3:      layout_basic, tso_oasis_becter, lemuel_crystal_altar,
          dreamdust_ecumenical_altar_sealed_demon
D:4:      layout_loops_ring, temple_hall
D:5:      layout_basic, nicolae_dithmenos_shadow_blocks,
          nicolae_overflow_hallway_of_the_gods
D:6:      layout_cave_pools, lemuel_crystal_altar, ebering_ghost_rock_garden,
          grunt_decor_one_mirror, roderic_lattice_a, minmay_holes
D:7:      layout_rooms, elyvilon_altar_5, corexii_hall_statues_x, minmay_bent
D:8:      layout_gridville, uniq_prince_ribbit1
Temple:   minmay_freezing_vapour_temple

Skill      XL: |  1  2  3  4  5  6  7  8  9 |
---------------+----------------------------+-----
Ranged Weapons | 4 5 6 7 8 10 | 10.0
Fighting       | 3 4 5 6 |  6.5
Dodging        | 2 3 4 |  4.0
Armour         | 1 2 |  2.0
Invocations    | 3 4 |  4.0
Stealth        | |  1.5

Action                     |  1- 3 |  4- 6 |  7- 9 || total
---------------------------+-------+-------+-------++-------
   Fire: Shortbow          |    56 |   122 |   272 ||   450
 Invoke: Heroism           |       |       |     7 ||     7
Ability: Spit Poison       |    26 |    44 |    56 ||   126
    Use: Scroll            |     2 |    12 |     8 ||    22
         Potion            |       |     4 |     3 ||     7
 Armour: Leather armour    |       |     7 |   159 ||   166
  Dodge: Dodged            |     5 |    33 |   162 ||   200

Table legend:
 A = Non-vault XP
 B = Vault XP
 C = Vault XP percentage of total XP
 D = Non-vault monster count
 E = Vault monster count
 F = Vault count percentage of total count
                 A         B        C        D         E       F
            +---------+---------+-------+---------+---------+-------
      Total |    3979 |     492 |  11.0 |     154 |       7 |   4.3
            +---------+---------+-------+---------+---------+-------
        D:1 |      50 |       0 |   0.0 |      30 |       0 |   0.0
        D:2 |      71 |       0 |   0.0 |      20 |       0 |   0.0
        D:3 |      52 |       0 |   0.0 |      17 |       0 |   0.0
        D:4 |     242 |       0 |   0.0 |      21 |       0 |   0.0
        D:5 |     666 |       0 |   0.0 |      15 |       0 |   0.0
        D:6 |     503 |       0 |   0.0 |      16 |       0 |   0.0
        D:7 |    1460 |     492 |  25.2 |      30 |       7 |  18.9
        D:8 |     935 |       0 |   0.0 |       5 |       0 |   0.0
            +---------+---------+-------+---------+---------+-------
